 Dungeon Crawl Stone Soup version 0.27-a0-404-g4390dbc5be (webtiles) character file.

Game seed: 6373370327275403580

4 Nattfarinn the Sneak (level 1, 0/10 HPs)
             Began as a Kobold Enchanter on Feb 22, 2021.
             Slain by a jackal (3 damage)
             ... on level 1 of the Dungeon.
             The game lasted 00:00:37 (72 turns).

Nattfarinn the Sneak (Kobold Enchanter)               Turns: 72, Time: 00:00:38

Health: 0/10       AC:  2    Str:  5    XL:     1   Next: 77%
Magic:  2/3        EV: 15    Int: 16    God:
Gold:   0          SH:  0    Dex: 15    Spells: 3/4 levels left

rFire    . . .     SeeInvis .   a - +1 dagger
rCold    . . .     Faith    .   (shield restricted)
rNeg     . . .     Spirit   .   b - +0 robe
rPois    .         Reflect  .   (no helmet)
rElec    .         Harm     .   (no cloak)
rCorr    .         Rampage  .   (no gloves)
Will     .....                  (no boots)
Stlth    ++++......             (no amulet)
HPRegen  0.03/turn              (no ring)
MPRegen  0.08/turn              (no ring)

@: no status effects
A: small, nightstalker 3
a: no special abilities


You were on level 1 of the Dungeon.
You visited 1 branch of the dungeon, and saw 1 of its levels.

Inventory:

Hand Weapons
 a - a +1 dagger (weapon)
Armour
 b - a +0 robe (worn)


   Skills:
 - Level 1.3 Short Blades
 - Level 2.4 Dodging
 - Level 4.0 Stealth
 - Level 2.1 Spellcasting
 * Level 3.3 Hexes


You had 3 spell levels left.
You knew the following spells:

 Your Spells              Type           Power        Failure   Level
a - Corona                Hex            13%          5%          1

Your spell library contained the following spells:

 Spells                   Type           Power        Failure   Level
 Ensorcelled Hibernation  Hex/Ice        14%          16%         2
 Confusing Touch          Hex            12%          16%         3
 Tukima's Dance           Hex            12%          16%         3
 Dazzling Flash           Conj/Hex       14%          30%         3


Dungeon Overview and Level Annotations

Branches:
Dungeon (1/15)

Altars:


Innate Abilities, Weirdness & Mutations

You are small and have problems with some larger weapons.
You are completely attuned to the shadows.


Message History

You impale the jackal!!
You kill the jackal!
The helpless jackal fails to defend itself.
You puncture the jackal!
You kill the jackal!
The jackal barks!
The jackal bites you. x2
You closely miss the jackal. The jackal misses you.
You hit the jackal but do no damage. The jackal misses you.
You barely miss the jackal. The jackal bites you. x2
You are too injured to fight recklessly!
You are too injured to fight recklessly!
You are too injured to fight recklessly!
You are too injured to fight recklessly!
You hit the jackal but do no damage. The jackal misses you.
Casting: Corona (safe; 5% risk of failure)
Confirm with . or Enter, or press ? or * to list all spells.
Aiming: Corona (safe; 5% risk of failure)
Press: ? - help, Shift-Dir - straight line, f - jackal
Aim: a jackal (chance to affect: 66%)
The jackal is outlined in light.
The jackal barely misses you.
You hit the jackal but do no damage. The jackal bites you.
The jackal barely misses you.
You barely miss the jackal.
The jackal bites you but does no damage.
You hit the jackal.
The jackal is moderately wounded.
The jackal bites you.
* * * LOW HITPOINT WARNING * * *
The jackal closely misses you.
You hit the jackal.
The jackal is severely wounded.
The jackal closely misses you.
You completely miss the jackal.
The jackal is severely wounded.
The jackal closely misses you.
You hit the jackal.
The jackal is almost dead.
The jackal bites you.
You die...

#+## ##.## ##...#
#...### ##...).
#.....## ##†@h...
####...†..####..†....
.............'.......
#######...####.......
##.## ##?$.... #.#
#... #.# #. #.# ..#


You could see a jackal (corona).

Vanquished Creatures
  A ball python (D:1)
  2 jackals (D:1)
  A rat (D:1)
4 creatures vanquished.

Notes
Turn   | Place    | Note
-------+----------+-------------------------------------------
     0 | D:1      | Nattfarinn the Kobold Enchanter began the quest for the
                  | Orb.
     0 | D:1      | Reached XP level 1. HP: 10/10 MP: 3/3
    72 | D:1      | Slain by a jackal

Illustrated notes

Levels and vault maps discovered:
D:1:      shiori_arrival_oz, layout_loops_corners

Action                   || total
-------------------------++-------
Melee: Dagger            ||    14
 Cast: Corona            ||     1
 Stab: Sleeping          ||     4
Armor: Robe              ||     1
Dodge: Dodged            ||     8

Table legend: (Time is in decaauts)
 A = Elapsed time spent in this place.
 B = Non-inter-level travel time spent in this place.
 C = Inter-level travel time spent in this place.
 D = Time resting spent in this place.
 E = Time spent auto-exploring this place.
 F = Levels seen in this place.
 G = Mean time per level.
                   A        B        C        D        E       F      G
               +--------+--------+--------+--------+--------+-----+--------+
         Total |     71 |     71 |      0 |      0 |     49 |   1 |   71.0 |
       Dungeon |     71 |     71 |      0 |      0 |     49 |   1 |   71.0 |
               +--------+--------+--------+--------+--------+-----+--------+

Top non-repeatable levels by time:
     D:1: 71 daAuts
